 Dungeon Crawl Stone Soup version 0.28.0-53-g5a82cb258f (webtiles) character file.

Game seed: 463328916172450807

67 SanguineChosen the Covered (level 4, -2/29 HPs)
             Began as a Gargoyle Fighter on July 22, 2022.
             Slain by a gnoll
             ... wielding a +0 whip
              (5 damage)
             ... on level 2 of the Dungeon.
             The game lasted 00:04:05 (2192 turns).

SanguineChosen the Covered (Gargoyle Fighter)       Turns: 2192, Time: 00:04:06

Health: -2/29      AC: 14    Str: 22    XL:     4   Next: 18%
Magic:  4/4        EV:  9    Int:  8    God:
Gold:   0          SH:  4    Dex:  9    Spells: 3/3 levels left

rFire   . . .      SeeInvis .   a - +0 flail
rCold   . . .      Faith    .   c - +0 buckler
rNeg    + . .      Spirit   .   b - +0 scale mail
rPois   ∞          Reflect  .   (no helmet)
rElec   +          Harm     .   (no cloak)
rCorr   .          Rampage  .   (no gloves)
Will    .....                   (no boots)
Stlth   ..........              (no amulet)
HPRegen 0.09/turn               k - +4 ring of protection
MPRegen 0.09/turn               (no ring)

@: no status effects
A: sickness immunity, AC +3, negative energy resistance 1, electricity
resistance, torment resistance 1, petrification resistance
a: no special abilities


You were on level 2 of the Dungeon.
You visited 1 branch of the dungeon, and saw 3 of its levels.

Inventory:

Hand Weapons
 a - a +0 flail (weapon)
Missiles
 l - 5 curare-tipped darts (quivered)
Armour
 b - a +0 scale mail (worn)
 c - a +0 buckler (worn)
Jewellery
 k - a +4 ring of protection (left hand)
Wands
 m - a wand of paralysis (10)
Scrolls
 e - a scroll of enchant armour {unknown}
 f - a scroll of immolation {unknown}
 i - 2 scrolls of teleportation {unknown}
 j - a scroll of identify {unknown}
Potions
 d - 3 potions of might
 g - 3 potions of brilliance {unknown}
 h - a potion of heal wounds {unknown}


   Skills:
 + Level 3.7 Fighting
 + Level 2.9 Maces & Flails
 + Level 4.0 Armour
 + Level 0.5 Dodging
 + Level 3.7 Shields


You had 3 spell levels left.
You didn't know any spells.
Your spell library contained the following spells:

 Spells                   Type           Power      Damage    Failure   Level
 Static Discharge         Conj/Air       0%         N/A       91%         2
 Dispel Undead            Necr           0%         3d6       100%        4
 Sticky Flame             Conj/Fire      0%         2d3       100%        4


Dungeon Overview and Level Annotations

Branches:
Dungeon (3/15)

Altars:

Shops:
D:2 :(!(


Innate Abilities, Weirdness & Mutations

You are immune to sickness and miasma.
Your stone body is resilient. (AC +3)
You are immune to poison.
You resist negative energy. (rN+)
You are resistant to electric shocks. (rElec)
You are resistant to unholy torment.
You are immune to petrification.


Message History

A gnoll comes into view. It is wielding a +0 whip.
The gnoll shouts!
A gnoll comes into view. It is wielding a +0 whip.
There is a stone staircase leading up here.
The gnoll misses you.
The gnoll hits you from afar with a +0 spear.
The gnoll hits you from afar with a +0 spear.
You climb upwards.
There is a stone staircase leading down here.
You climb downwards.
You block the gnoll's attack. The gnoll hits you with a +0 whip.
The gnoll hits you but does no damage.
There is a stone staircase leading up here.
The gnoll hits you with a +0 whip. The gnoll misses you.
You climb upwards.
There is a stone staircase leading down here.
You hit the gnoll.
The gnoll is lightly wounded.
The gnoll barely misses you.
The gnoll hits you with a +1 whip of venom.
You hit the gnoll.
The gnoll is lightly wounded.
The gnoll barely misses you.
The gnoll hits you with a +1 whip of venom.
The gnoll hits you with a +0 whip.
The gnoll hits you with a +1 whip of venom.
* * * LOW HITPOINT WARNING * * *
You barely miss the gnoll.
The gnoll is lightly wounded.
The gnoll hits you with a +0 whip.
* * * LOW HITPOINT WARNING * * *
The gnoll hits you but does no damage.
You completely miss the gnoll.
The gnoll is lightly wounded.
The gnoll hits you but does no damage.
The gnoll hits you with a +1 whip of venom.
* * * LOW HITPOINT WARNING * * *
You thump the gnoll!
The gnoll is almost dead.
The gnoll hits you with a +0 whip.
You die...

.###.#.## #.# #.#
#. .# #.#.# ##.##
#.# #. .# #.#.#
##.#.## #.# ##
.###.#.#
##.###.## #.# #
.....#.#####.##
##.####.# #
.......>†...##
##.....# #
.###.#.#####.##
##.###### #
.......#
##.###g## #
.###.### ##.#@##
# .# #.# #.g## #
.# #.# #####..# #
.# #.# #......# #
.###.#####.###..#
# ...........#
#..########## #
####.#######
#...........### #
#.#
#..########...##
# #.#########..#
##...#.## #


You could see 2 gnolls.

Vanquished Creatures
  2 adders (D:2)
  A worm (D:2)
  3 dart slugs (D:2)
  An orc (D:3)
  3 endoplasms
  2 giant cockroaches
  4 goblins
  4 hobgoblins
  2 jackals (D:1)
  4 kobolds
  2 quokkas (D:2)
  A ball python (D:1)
  4 bats
  A frilled lizard (D:1)
  2 rats
36 creatures vanquished.

Notes
Turn   | Place    | Note
-------+----------+-------------------------------------------
     0 | D:1      | SanguineChosen the Gargoyle Fighter began the quest for the
                  | Orb.
     0 | D:1      | Reached XP level 1. HP: 14/14 MP: 1/1
   223 | D:1      | Found a faded altar of an unknown god.
   246 | D:1      | Reached XP level 2. HP: 19/19 MP: 2/2
   978 | D:2      | Found Naodda's Weapon Emporium.
   981 | D:2      | Found Teighun's Distillery.
   986 | D:2      | Found Buanguruam's Weapon Shoppe.
  1122 | D:2      | Reached XP level 3. HP: 23/23 MP: 3/3
  1348 | D:2      | Found Nuoweej's Book Shoppe.
  2000 | D:2      | Reached XP level 4. HP: 25/28 MP: 4/4
  2111 | D:3      | Reached skill level 4 in Armour
  2192 | D:2      | Slain by a gnoll

Illustrated notes

Levels and vault maps discovered:
D:1:      psy_arrival_spokes, layout_basic, shapermc_ecumenical_altar_gd,
          serial_rivers, chequers_serial_rivers_small_3,
          chequers_serial_rivers_micro_d, chequers_serial_rivers_room_a,
          chequers_serial_rivers_marsh, chequers_serial_rivers_small_3
D:2:      layout_loops_ring, serial_shops, shop, nicolae_shop_hallway_plus,
          shop_fountains, nicolae_shop_stone
D:3:      layout_rooms, fedhas_altar_2

Skill      XL: |  1  2  3  4 |
---------------+-------------+-----
Armour         | 4 |  4.0
Fighting       | |  3.7
Maces & Flails | |  2.9
Dodging        | |  0.5
Shields        | |  3.7

Action                   |  1- 3 |  4- 6 || total
-------------------------+-------+-------++-------
Melee: Flail             |   117 |    35 ||   152
Armor: Scale mail        |    89 |    20 ||   109
Dodge: Dodged            |    64 |    29 ||    93
Block: Buckler           |    25 |     8 ||    33
